Cogmind - Beta 14 @@@ ROGUE MODE // 2024.11.17 @ 19:43:12 Player: OctagonalPrism Result: Destroyed by D-53 Grenadier with Mini Grenade Launcher Performance ------------- Evolutions (0) 0 Regions Visited (2) 400 Robots Destroyed (16) 80 Value Destroyed (334) 334 Prototype IDs (2) 40 Alien Tech Used (0) 0 Bonus (0) 0 TOTAL SCORE: 854 Bonus ------- None Cogmind --------- Core Integrity 0/250 Matter 295/300 Energy 83/100 System Corruption 3% Temperature Cool (0) Movement Core (250) Ox4 Location -10/Mines Parts ------- > --- POWER (1) -------- (None) > --- PROPULSION (2) --- (None) > --- UTILITY (2) ------ Medium Storage Unit > --- WEAPON (2) ------- Assault Rifle Light Assault Rifle > --- INVENTORY (10) --- Ion Engine Light Treads Compact Wheel Proton Bomb Trap Proton Bomb Trap Peak State ------------ > --- POWER ------------ Ion Engine > --- PROPULSION ------- Light Treads Wheel > --- UTILITY ---------- Small Storage Unit Improved Terrain Scanner > --- WEAPON ----------- Assault Rifle Light Assault Rifle > --- INVENTORY -------- Ion Engine Light Treads Compact Wheel Light Assault Rifle [Rating: 9] Favorites ----------- Power Ion Engine Engine Ion Engine Propulsion Light Treads Treads Light Treads Wheel Compact Wheel Utility Improved Terrain Scanner Device Improved Terrain Scanner Storage Medium Storage Unit Weapon EM Pulse Gun Energy Gun EM Pulse Gun Ballistic Gun Assault Rifle Build | -11 -10 -10 ------- Run | Yrd Mat Min Slots Evolved . | . . . Power . | . . . Propulsion . | . . . Utility . | . . . Weapon . | . . . Parts Attached 24 | 8 14 2 Power 2 | 1 1 . Engine 2 | 1 1 . Core . | . . . Reactor . | . . . Propulsion 6 | 3 3 . Treads 2 | 1 1 . Leg . | . . . Wheel 4 | 2 2 . Hover . | . . . Flight . | . . . Utility 4 | 2 2 . Device 2 | 1 1 . Storage 2 | 1 1 . Processor . | . . . Hackware . | . . . Protection . | . . . Artifact . | . . . Weapon 12 | 2 8 2 Energy Gun 4 | . 4 . Energy Cannon . | . . . Ballistic Gun 8 | 2 4 2 Ballistic Cannon . | . . . Launcher . | . . . Special Weapon . | . . . Impact Weapon . | . . . Slashing Weapon . | . . . Piercing Weapon . | . . . Special Melee Weapon . | . . . Unidentified Prototypes . | . . . Parts Lost 9 | . 3 6 Power 1 | . . 1 Propulsion 4 | . 2 2 Utility 1 | . . 1 Weapon 3 | . 1 2 Highest Loss Streak 6 | . 2 6 To Critical Strikes . | . . . Average Slot Usage (%) 98 | . 98 98 Engine 14 | . 14 14 Treads 13 | . 13 14 Wheel 13 | . 13 13 Device 13 | . 13 14 Storage 14 | . 14 14 Energy Gun 17 | . 15 26 Ballistic Gun 10 | . 12 . Peak Build Rating 9 | 9 9 9 Average Rating 8 | 5 8 8 On Entrance 6 | . 9 9 Naked Turns . | . . . Heaviest Build 20 | 14 20 20 Greatest Support 20 | 20 20 20 Greatest Overweight (x) 1 | 1 1 1 Average Overweight (x) . | . . . Largest Inventory Capacity 10 | 8 10 10 Average Capacity 9 | 6 9 10 Most Carried 7 | 5 7 7 Average Carried 4 | 2 4 5 Final Capacity 10 | 8 10 10 Final Carried 5 | 4 5 5 Class Distribution -------------------- 100% | Mutant Dominant Class ---------------- Mutant | -10/Materials Mutant | -10/Mines Resources | -11 -10 -10 ----------- Run | Yrd Mat Min Matter Collected 579 | 240 337 2 Remotely . | . . . Salvage Created 475 | 85 390 . Parts 37 | 5 32 . Haulers Intercepted . | . . . Recyclers Shooed . | . . . Parts Field Recycled . | . . . Retrieved Matter . | . . . Parts Self-Destructed . | . . . Prevented . | . . . Kills | -11 -10 -10 ------- Run | Yrd Mat Min Combat Hostiles Destroyed 9 | . 9 . Guns 8 | . 8 . AOE 1 | . 1 . Classes Destroyed 8 | 2 6 . Worker 1 | . 1 . Builder 1 | . 1 . Tunneler 1 | 1 . . Recycler 1 | 1 . . Operator 1 | . 1 . Watcher 2 | . 2 . Swarmer 3 | . 3 . Grunt 6 | . 6 . Best Kill Streak 3 | 2 3 . Combat Bots Only 3 | . 3 . Max Kills in Single Turn 1 | 1 1 . Gunslinging . | . . . Exploded 1 | . 1 . Melee . | . . . Uniques/NPCs Destroyed . | . . . Combat | -11 -10 -10 -------- Run | Yrd Mat Min Hostile Shots Fired 91 | . 78 13 Missed 18 | . 14 4 Damage Taken 1165 | . 758 407 Core 258 | . 180 78 Absorbed by Shields . | . . . Core Remaining (%) 100 | 100 . . Volleys Fired 46 | 2 43 1 Largest 2 | 2 2 2 Hottest 80 | 40 80 80 Shots Fired 92 | 4 86 2 Gun 92 | 4 86 2 Cannon . | . . . Launcher . | . . . Special . | . . . Kinetic 70 | 4 66 . Thermal . | . . . Explosive . | . . . Electromagnetic 22 | . 20 2 Robot Hit Streak 10 | 2 10 6 Robot Miss Streak 5 | . 5 1 Penetration Max . | . . . Secondary Targets 1 | . 1 . Max Gunslinging Chain 1 | . 1 . Shots Hit Robots 61 | 2 58 1 Core Hits 23 | 2 21 . Critical Kills 1 | . 1 . Critical Parts Destroyed . | . . . Critical Strikes 1 | . 1 . Destroy 1 | . 1 . Melee Attacks . | . . . Impact . | . . . Slashing . | . . . Piercing . | . . . Sneak Attacks . | . . . Combat Hostiles . | . . . Follow-up Attacks . | . . . Damage Inflicted 762 | 30 720 12 Guns 738 | 30 696 12 Cannons . | . . . Explosions 24 | . 24 . Melee . | . . . Ramming . | . . . Kinetic 544 | 30 514 . Thermal 24 | . 24 . Explosive . | . . . Electromagnetic 194 | . 182 12 Impact . | . . . Slashing . | . . . Piercing . | . . . Highest Corruption 3 | . 3 3 Average Corruption 2 | . 2 3 Corruption Purged . | . . . Corruption Blocked . | . . . Effects 1 | . . 1 Message Errors 1 | . . 1 Overload Shots . | . . . Overflow Damage . | . . . Projectiles . | . . . Explosions . | . . . Melee . | . . . Knockbacks . | . . . Impact . | . . . Kinetic . | . . . Secondary . | . . . Self-Inflicted Damage 40 | . 40 . Shots 1 | . 1 . Rammed . | . . . Targets Rammed . | . . . Kicked . | . . . Crushed . | . . . Highest Temperature 114 | . 114 18 Average Temperature 26 | . 26 12 Received Heat Transfer 297 | . 297 . Siege Activations . | . . . Robots Corrupted . | . . . Combat Hostiles . | . . . Parts Fried . | . . . Impact Corruptions . | . . . Robots Melted . | . . . Combat Hostiles . | . . . Parts Melted . | . . . Heat Transferred 50 | . 50 . Parts Sabotaged . | . . . Parts Stolen . | . . . Parts Stripped . | . . . Power Chain Reactions 1 | . 1 . Alert | -11 -10 -10 ------- Run | Yrd Mat Min Peak Influence 242 | 10 242 58 Initial 58 | . 6 58 Average 92 | 4 108 56 Maximum Alert Level 1 | . 1 . Low Security (%) 91 | 100 88 100 Level 1 8 | . 11 . Level 2 . | . . . Level 3 . | . . . Level 4 . | . . . Level 5 . | . . . High Security . | . . . Max Security . | . . . Squads Dispatched 3 | . 3 . Investigation 2 | . 2 . Extermination . | . . . Reinforcement 1 | . 1 . Assault . | . . . Garrison . | . . . Intercept . | . . . Searches Triggered . | . . . Construction Impeded . | . . . Haulers Reinforced . | . . . Active Scanning Responses . | . . . Cargo Convoy Interrupts . | . . . Stealth | -11 -10 -10 --------- Run | Yrd Mat Min Distress Signals . | . . . Communications Jammed . | . . . Distress Signals . | . . . Times Spotted 28 | . 23 5 Peak Tracking Total 10 | . 4 10 Tactical Retreats 2 | . 2 . Traps | -11 -10 -10 ------- Run | Yrd Mat Min Traps Triggered 3 | . 3 . Indirectly . | . . . Trap Hack Attempts . | . . . Triggered . | . . . Disarmed . | . . . Reprogrammed . | . . . Reused . | . . . Traps Extracted . | . . . Installed . | . . . Triggered . | . . . Most Traps Carried 2 | . . 2 Machines | -11 -10 -10 ---------- Run | Yrd Mat Min Machines Disabled 2 | . 2 . Max in Single Turn 1 | . 1 . Machines Repaired . | . . . Machines Dismantled . | . . . Machines Sabotaged . | . . . Overloaded Fab Kills . | . . . Hacking | -11 -10 -10 --------- Run | Yrd Mat Min Machines Accessed 5 | . 5 . Terminals 5 | . 5 . Fabricators . | . . . Repair Stations . | . . . Recycling Units . | . . . Scanalyzers . | . . . Garrison Access . | . . . Total Hacks 18 | . 18 . Successful 8 | . 8 . Failed 10 | . 10 . Catastrophic . | . . . Database Lockouts . | . . . Manual 17 | . 17 . Terminals 18 | . 18 . Fabricators . | . . . Repair Stations . | . . . Recycling Units . | . . . Scanalyzers . | . . . Garrison Access . | . . . Terminal Hacks 2 | . 2 . Robot Analysis 1 | . 1 . Prototype ID Bank 1 | . 1 . Fabricator Hacks . | . . . Repair Station Hacks . | . . . Recycling Unit Hacks . | . . . Scanalyzer . | . . . Garrison Access Hacks . | . . . Unauthorized Hacks 6 | . 6 . Terminals 6 | . 6 . Assimilate 1 | . 1 . Botnet 3 | . 3 . Disrupt 1 | . 1 . Operators 1 | . 1 . Fabricators . | . . . Repair Stations . | . . . Recycling Units . | . . . Scanalyzers . | . . . Garrison Access . | . . . Data Cores Recovered . | . . . Used . | . . . Hacking Detections 5 | . 5 . Full Trace Events 1 | . 1 . Feedback Events . | . . . Feedback Blocked . | . . . Robot Schematics Acquired . | . . . Robots Built . | . . . Authchips . | . . . Time . | . . . Total Robot Build Rating . | . . . Part Schematics Acquired . | . . . Parts Built . | . . . Authchips . | . . . Time . | . . . Total Part Build Rating . | . . . Parts Repaired . | . . . Time . | . . . Parts Recycled . | . . . Recycled Matter . | . . . Retrieved Matter . | . . . Retrieved Components . | . . . Parts Scanalyzed . | . . . Part Schematics Acquired . | . . . Parts Damaged . | . . . Bothacking | -11 -10 -10 ------------ Run | Yrd Mat Min Used RIF Installer . | . . . Robots Hacked . | . . . Non-combat . | . . . Combat . | . . . Robot Hacks Applied . | . . . Relay Couplers Released . | . . . Fabnet Peak Effective % . | . . . Robots Rewired . | . . . Allies Hacked . | . . . Hacks Repelled . | . . . Allies | -11 -10 -10 -------- Run | Yrd Mat Min Total Allies 1 | . . 1 Largest Group 1 | . . 1 Highest-Rated Group 31 | . . 31 Highest-Rated Ally 31 | . . 31 Total Orders . | . . . Ally Attacks 1 | . . 1 Total Damage 22 | . . 22 Kills 1 | . . 1 Allies Corrupted . | . . . Allies Melted . | . . . Intel | -11 -10 -10 ------- Run | Yrd Mat Min Robot Analysis Total 1 | . 1 . Derelict Logs Recovered . | . . . Drone Launches . | . . . Drone Recoveries . | . . . Exploration | -11 -10 -10 ------------- Run | Yrd Mat Min Turns Passed 1052 | 66 792 194 Spaces Moved 655 | 48 448 159 Core 1 | 1 . . Treads 115 | 1 112 2 Legs . | . . . Wheels 539 | 46 336 157 Hover . | . . . Flight . | . . . Fastest Speed 50 | 50 100 115 Average Speed 119 | 92 123 115 Slowest Speed 160 | 160 160 160 Overloaded Moves . | . . . Propulsion Burnouts . | . . . Robots Hopped . | . . . Cave-ins Triggered . | . . . Exploration Rate (%) 37 | 3 72 36 Regions Visited 2 Branch Regions 1 Pre-discovered Areas . | . . . Known Exits Taken . | . . . Unknown Exits Taken 2 | 1 1 . Scrap Searched 1 | . . 1 Spaces Dug . | . . . Terrain Destroyed 2 | . 2 . Melee . | . . . Projectile . | . . . AOE 2 | . 2 . Terrain Rammed . | . . . Walls Destroyed . | . . . Machines Disabled . | . . . Actions | -11 -10 -10 --------- Run | Yrd Mat Min Total 831 | 63 601 167 Wait 90 | . 87 3 Move 653 | 47 447 159 Hop . | . . . Pick Up 8 | 4 2 2 Fast Attach 11 | 8 3 . Attach 6 | . 4 2 Detach 5 | 1 4 . Swap 7 | . 7 . Drop 5 | 1 4 . Fire 46 | 2 43 1 Melee . | . . . Ram . | . . . Kick . | . . . Crush . | . . . Escape Stasis . | . . . Rewire . | . . . Trap . | . . . Miscellaneous . | . . . Route ------- -11/Scrapyard -10/Materials (discovered 3 exits: [*Mat x2] / [*Min]) -10/Mines (discovered 2 exits: [*Mat x2]) History --------- Turn | Location | Event 14 | -11/Scrapyard | Discovered new exit (range 15) 67 | -11/Scrapyard | Entered Materials 229 | -10/Materials | Discovered new exit (range 11) 315 | -10/Materials | Build established: Mutant 374 | -10/Materials | Core integrity fell below 50% 486 | -10/Materials | Discovered new exit (range 12) 768 | -10/Materials | Discovered new exit (range 16) 859 | -10/Materials | Entered Mines 914 | -10/Mines | Discovered new exit (range 14) 926 | -10/Mines | Discovered new exit (range 5) 954 | -10/Mines | Received a Mining Laser from a helpful Derelict 1014 | -10/Mines | Found a hidden stash of uninstalled traps 1038 | -10/Mines | Assembled infested the area 1043 | -10/Mines | Assisted by a Guerilla fighting off Assembled 1050 | -10/Mines | Core integrity fell below 20% 1053 | -10/Mines | Destroyed by D-53 Grenadier with Mini Grenade Launcher Last Messages --------------- to get out of here! I've been tracking a group of Assembled to figure out where they're coming from, and they're closing on this area, come on!" 01045_ C-30 ARC bursts open, deploying its payload. 01045_ D-53 Grenadier unfolds itself. 01045_ B8-Z5K(h): "I'll hold them off! Go on ahead or try to find another way!" 01045_ HV Slug penetrates D-53 Grenadier. 01045_ D-53 Grenadier suffers critical hit (Destroy). 01046_ EM Pulse Gun destroyed. 01047_ The unstable cave ceiling collapses. 01047_ EM Pulse Gun destroyed. 01047_ Com. Wheel destroyed. 01047_ HV Slug penetrates Wall. 01047_ B8-Z5K(h) destroyed. 01049_ B0-EHZ(g) destroyed. 01051_ Acquired 2 matter. 01051_ Ion Engine destroyed. 01051_ Lgt. Treads destroyed. 01053_ Imp. Terrain Scanner destroyed. Map ----- +----------------------------------------------------+ | ##?#???#???????# #?## #????????????#? | | ##??????????????# #??# #?????????????? | | ##???????????????# #?## ####???????#??? | | #???????????#????# ### ###??????????? | | #????????? ?????# ## ###????????? | | ???????????# ##### ## < #?#????#??? | | ??? ???????# #?#???#?#?? | | ???????????###### ### #?????##??? | | ???????????????## #### ##????# ##?? | | ?????????####### #### #?#?## #?? | | ?????????# #### ##??##& #?? | | ?????????# ### ##?###???# & #?? | | ??????????????## < ######??#& #?? | | ???????????????# #### ##? | | ??????????????# #?? | | ??????????????# ## """ ##?? | | ??????????????# #?## """ ### ###??? | | ??????????????##???## """ ### #????? | | ??????????????#???#?##u #????? | | ????????????????????##d #### #????? | | ?????????????????????;%d ###??# #????? | | ?????????????????????# ###?# #????? | | ???????????????????### ##?# #????? | | ???????????????????# #?# #????? | | ???????????????????# #### #????? | | ???????????????????# @ %! #????? | | ???????????????????# ######??#?? | | ??????????????????# = #?????????? | | ??????????????????## #?????????? | | ?????????????????? ##?????????? | | ???????????????? #?????????#? | | ?????????????? r ###??????????? | | ?????????????## ## ##????????????? | | ??????????????#??## #?????????????? | | ?????????????????? ##?????????????? | | ?????????????????# #??#????????????? | | ????????????????? a #???????#????????? | | ????????????????## a#?????????????????? | | ?????????????????# #??????????????????? | | ??????????????#??# ???????????????????? | | ??????????????????? ???????????????????? | | ???????????????????????????????????????? | | ???????????????????????????????????????? | | ???????????????????????????????????????? | | ???????????????????????????????????????? | | ???????????????????????????????????????? | | ???????????????????????????????????????? | | ???????????????????????????????????????? | | ???????????????????????????????????????? | | ???????????????????????????????????????? | +----------------------------------------------------+ Best States ------------- Heat Dissipation 25 Energy Generation 10 Energy Capacity 250 Matter Stores 300 Matter Capacity 300 Sight Range 16 Terrain Scan Range 16 Terrain Scan Density 10 Evasion (%) 44 Recoil Reduction 1 Item Schematics ----------------- None Robot Schematics ------------------ None Fabricated ------------ Nothing Alien Tech Used ----------------- None Achievements -------------- None Challenges ------------ None Game ------ Seed MeleeFlakAirjet Manual? 0 Play Time 00:10:48 Cumulative 187.6 hours Start 2024.11.17 @ 19:34:00 End 2024.11.17 @ 19:43:12 Sessions 1 Manual Loads 0 Difficulty Rogue Special Mode None Game No. 151 Rogue 151 Adventurer 0 Explorer 0 Win Type - Total 4 Types 2/0/1/1/0/0/0/0/0 Lore% 62 Gallery% 67 Achievement% 53 Wizard Run 0 Options --------- Layout 2 ASCII 0 Keyboard 0 Movement Numpad Keybinds 0 Fullscreen 1 Font 16/Terminus Map View 55x47 Zoom Use 0% Tactical HUD 1 Map Filters NONE Filters NONE Steam 1 RUN: 085375b5-c4be-49cb-9d5f-d5dd68f731a5